 Dungeon Crawl Stone Soup version 0.29-a0-222-g5b244fca1f (webtiles) character file.

Game seed: 4374974912145493872

138 drugrobin the Chopper (level 4, 17/37 HPs)
             Began as a Demigod Fighter on Feb 28, 2022.
             Quit the game on level 3 of the Dungeon.
             The game lasted 00:04:31 (2320 turns).

drugrobin the Chopper (Demigod Fighter)             Turns: 2320, Time: 00:04:31

Health: 17/37      AC: 10    Str: 21    XL:     4   Next: 70%
Magic:  6/6        EV:  7    Int: 16    God:
Gold:   123        SH:  4    Dex: 13    Spells: 3/3 levels left

rFire   . . .      SeeInvis .   a - +0 war axe
rCold   . . .      Faith    .   c - +0 buckler
rNeg    . . .      Spirit   .   j - +0 chain mail
rPois   .          Reflect  .   (no helmet)
rElec   .          Harm     .   (no cloak)
rCorr   .          Rampage  .   s - +0 pair of gloves
Will    .....                   (no boots)
Stlth   ..........              (no amulet)
HPRegen 0.12/turn               v - +6 ring of intelligence
MPRegen 0.10/turn               (no ring)

@: no status effects
A: high MP 1, forlorn, divine attributes
a: no special abilities


You were on level 3 of the Dungeon.
You visited 1 branch of the dungeon, and saw 3 of its levels.

You collected 123 gold pieces.

Inventory:

Hand Weapons
 a - a +0 war axe (weapon)
 b - a +0 hunting sling
 i - a +0 hand axe
Missiles
 l - 13 poisoned darts
Armour
 c - a +0 buckler (worn)
 j - a +0 chain mail (worn)
 s - a +0 pair of gloves (worn)
Jewellery
 v - a +6 ring of intelligence (left hand)
Scrolls
 m - a scroll of fog {unknown}
 o - a scroll of vulnerability {unknown}
 p - a scroll of identify {unknown}
 q - 2 scrolls of enchant weapon {unknown}
 t - a scroll of summoning {unknown}
 u - 3 scrolls of magic mapping {unknown}
 w - a scroll of brand weapon {unknown}
 x - a scroll of acquirement {unknown}
Potions
 d - 2 potions of might
 e - a potion of heal wounds {unknown}
 f - a potion of resistance {unknown}
 g - a potion of mutation {unknown}
 h - a potion of magic
 k - a potion of brilliance {unknown}
 n - a potion of curing
 r - a potion of haste {unknown}


   Skills:
 - Level 2.6 Fighting
 + Level 4.8 Axes
 - Level 2.6 Armour
 - Level 2.6 Shields


You had 3 spell levels left.
You didn't know any spells.
Your spell library was empty.

Dungeon Overview and Level Annotations

Branches:
Dungeon (3/15)

Shops:
D:2 (


Innate Abilities, Weirdness & Mutations

You have an increased reservoir of magic. (+10% MP)
You shall have no god before yourself.
Your divine heritage dramatically boosts your attributes as you level up.


Message History

The ball python loses its grip on you.
You closely miss the ball python. You completely miss the ball python.
The ball python bites you but does no damage.
The ball python grabs you. The ball python constricts you.
You block the ball python's attack.
The ball python bites you but does no damage.
The ball python constricts you.
Unknown command.
You slash the ball python!
You kill the ball python!
You closely miss the ball python. The ball python barely misses you.
The ball python constricts you.
Unknown command.
You closely miss the ball python. The ball python bites you.
The ball python constricts you. You block the ball python's attack.
The ball python constricts you.
Unknown command.
You slash the ball python!
You kill the ball python!
You closely miss the hobgoblin.
The hobgoblin hits you but does no damage.
You closely miss the hobgoblin. The hobgoblin closely misses you.
The hobgoblin hits you but does no damage.
You closely miss the hobgoblin. The hobgoblin hits you.
You slash the hobgoblin!
You kill the hobgoblin!
Why would you want to do that? Why would you want to do that?
Unknown command.
You enter the shallow water.
Moving in this stuff is going to be slow.
You enter the shallow water.
Moving in this stuff is going to be slow.
An orc comes into view. It is wielding a +0 falchion.
The orc shouts!
You hear an angry hiss. x2
There is a collapsed entrance here.
You can't go down here!
An adder comes into view.
Unknown command.
Are you sure you want to abandon this character and quit the game? (Confirm with "yes".)

........#.# #.. .##
........#.#
#..##..##........#.# #
....... ........#.+ ###.
#≈≈≈≈≈# ... ....#..
....##≈≈≈≈≈##... ....+##
....≈≈...≈.≈≈.+# #....
....≈≈.....≈≈..# ###..
....≈≈.@.......# ##.
....≈≈..≈≈.≈≈..# #.
....≈≈.....≈≈..# #.
...o##≈≈.≈≈##..# #.
.S..##≈≈≈≈≈##..##### #.
...................#####
. .........#†......'([..
..........#.......#####
####......#..>...##


You could see an adder and an orc.

Vanquished Creatures
  2 orc wizards (D:3)
  A gnoll (D:3)
  An adder (D:3)
  A river rat (D:3)
  A worm (D:2)
  A dart slug (D:3)
  2 orcs (D:3)
  2 bats (D:3)
  A giant cockroach (D:1)
  6 hobgoblins
  3 jackals (D:1)
  6 kobolds
  3 quokkas
  12 ball pythons
  6 frilled lizards
  4 goblins
  4 rats
56 creatures vanquished.

Notes
Turn   | Place    | Note
-------+----------+-------------------------------------------
     0 | D:1      | drugrobin the Demigod Fighter began the quest for the Orb.
     0 | D:1      | Reached XP level 1. HP: 18/18 MP: 3/3
    18 | D:1      | Reached skill level 2 in Axes
   217 | D:1      | You fall into a shaft and drop 1 floor!
   220 | D:2      | Reached XP level 2. HP: 25/25 MP: 4/4
   249 | D:2      | Found Nughoxysh's Weapon Boutique.
   602 | D:1      | Reached skill level 3 in Axes
  1061 | D:2      | Reached XP level 3. HP: 30/30 MP: 5/5
  1937 | D:3      | Reached skill level 4 in Axes
  1937 | D:3      | Reached XP level 4. HP: 25/37 MP: 6/6
  2068 | D:3      | Found a glowing drain.
  2320 | D:3      | Quit the game

Illustrated notes

Levels and vault maps discovered:
D:1:      minmay_arrival_cross, layout_basic, ebering_ecumenical_altar_mist,
          minivault_19, chequers_serial_rivers_marsh
D:2:      layout_loops_ring, serial_shops, nicolae_shop_bloodbath_and_beyond,
          hangedman_abyss_or_decor_stabs
D:3:      minmay_diamond_boxcup, layout_basic, cheibrodos_sewer_entry_sluice,
          minivault_11, grunt_ministairs_5, minmay_splitting_lines,
          minmay_distorted, uniq_jessica, uniq_crazy_yiuf_cottage, uniq_grinder,
          uniq_natasha

Skill      XL: |  1  2  3 |
---------------+----------+-----
Axes           | 2 3 4 |  4.8
Fighting       | |  2.6
Armour         | |  2.6
Shields        | |  2.6

Action                   |  1- 3 |  4- 6 || total
-------------------------+-------+-------++-------
Melee: War axe           |   116 |    50 ||   166
       Hand axe          |    19 |       ||    19
 Fire: Hunting sling     |    18 |       ||    18
Throw: Dart              |     1 |       ||     1
  Use: Potion            |       |     2 ||     2
Armor: Scale mail        |    18 |       ||    18
       Chain mail        |    73 |    42 ||   115
Dodge: Dodged            |    59 |    15 ||    74
Block: Buckler           |    32 |     9 ||    41

Table legend: (Time is in decaauts)
 A = Elapsed time spent in this place.
 B = Non-inter-level travel time spent in this place.
 C = Inter-level travel time spent in this place.
 D = Time resting spent in this place.
 E = Time spent auto-exploring this place.
 F = Levels seen in this place.
 G = Mean time per level.
                   A        B        C        D        E       F      G
               +--------+--------+--------+--------+--------+-----+--------+
         Total |   2397 |   2298 |     99 |    234 |   1408 |   3 |  799.0 |
       Dungeon |   2397 |   2298 |     99 |    234 |   1408 |   3 |  799.0 |
               +--------+--------+--------+--------+--------+-----+--------+

Top non-repeatable levels by time:
     D:2: 954 daAuts
     D:3: 774 daAuts
     D:1: 668 daAuts
